 Dungeon Crawl Stone Soup version 0.18-a0-246-gbfa2ae1 (webtiles) character file.

10671 4thArraOfDagon the Basher (level 11, -8/92 HPs)
             Began as a Minotaur Berserker on Nov 25, 2015.
             Was a Priest of Trog.
             Mangled by an ettin
             ... wielding a +0 dire flail
              (21 damage)
             ... on level 13 of the Dungeon.
             The game lasted 00:14:33 (2357 turns).

4thArraOfDagon the Basher (Minotaur Berserker)      Turns: 2357, Time: 00:14:34

Health: -8/92      AC: 20    Str: 23    XL:     11   Next: 39%
Magic:  14/14      EV:  8    Int:  9    God:    Trog [***...]
Gold:   327        SH:  0    Dex:  9    Spells: 0 memorised, 10 levels left

rFire  . . .     SeeInvis .     p - +4 battleaxe
rCold  + . .     Clarity  .     M - +3 plate armour {rC+}
rNeg   . . .     SustAt   +     (shield currently unavailable)
rPois  .         Gourm    .     (helmet restricted)
rElec  .         Spirit   .     (no cloak)
rCorr  .         Warding  .     (no gloves)
rMut   .         Stasis   .     H - +1 pair of boots
MR     .....                    g - amulet of rage
Stlth  ..........               a - ring of sustain attributes
                                x - +2 ring of intelligence

@: exhausted, very slightly contaminated, slowed, very slow, not resistant to
hostile enchantments, extremely unstealthy
A: retaliatory headbutt, horns 2
a: Berserk, Trog's Hand, Burn Spellbooks, Renounce Religion, Evoke Berserk Rage


You were on level 13 of the Dungeon.
You worshipped Trog.
Trog was most pleased with you.
You were very hungry.

You visited 1 branch of the dungeon, and saw 14 of its levels.

You collected 327 gold pieces.

Inventory:

Hand Weapons
 k - a +1 mace of protection
 m - a +1 flail of holy wrath
 p - a +4 battleaxe (weapon)
 t - the +5 spear "Neanat" {drain, +Blink}
   (You found it on level 5 of the Dungeon)

   A truly terrible weapon, it drains the life of those it strikes.
   It lets you blink.
Armour
 H - a +1 pair of boots (worn)
 M - a +3 plate armour of cold resistance (worn)
Magical Staves
 y - an uncursed staff of air {unknown}
Jewellery
 a - a ring of sustain attributes (right hand)
 g - an amulet of rage (around neck)
 x - a +2 ring of intelligence (left hand)
Wands
 A - a wand of fire (9)
 K - a wand of lightning (4)
Scrolls
 h - 3 scrolls of amnesia
 i - 2 scrolls of identify
 l - 2 scrolls of enchant armour
 o - 2 scrolls of remove curse
 s - a scroll of enchant weapon
 z - 2 scrolls of recharging
 I - a scroll of teleportation {unknown}
 L - a scroll of fear {unknown}
Potions
 d - 3 potions of curing {unknown}
 q - 2 potions of poison {unknown}
 u - a potion of heal wounds
 w - a potion of haste {unknown}
 C - a potion of brilliance {unknown}
 D - 2 potions of degeneration {unknown}
 E - a potion of berserk rage {unknown}
 G - a potion of resistance {unknown}
 J - 2 potions of mutation {unknown}
Miscellaneous
 r - a stone of tremors (inert)
Comestibles
 b - 2 meat rations
 c - 4 bread rations
 f - 8 chunks of flesh
 j - a slice of pizza
 v - 2 beef jerkies


   Skills:
 - Level 7.3 Fighting
 - Level 9.2(12.1) Axes
 * Level 12.8(13.8) Maces & Flails
 + Level 11.1 Armour
 - Level 2.1 Dodging
 - Level 6.0 Evocations


You had 10 spell levels left.
You didn't know any spells.

Dungeon Overview and Level Annotations

Branches:
Dungeon (14/15)
 Temple: D:4-7         Lair: D:8-11         Orc: D:9-12      Vaults: D:13-14

Altars:
Ashenzari
Dithmenos
Elyvilon
Okawaru
Xom
Zin

Shops:
D:5 (


Innate Abilities, Weirdness & Mutations

You reflexively headbutt those who attack you in melee.
You have a pair of horns on your head.


Message History

Read which item? (? for menu, Esc to quit)
As you read the scroll labeled WOS GINOEDI, it crumbles to dust.
The scroll dissolves into smoke.
It was a scroll of fog.
Read which item? (? for menu, Esc to quit)
As you read the scroll labeled CEECALYGAF, it crumbles to dust.
You feel aware of your surroundings.
You sensed 1 shop/portal.
It was a scroll of magic mapping.
Unknown command.
Read which item? (? for menu, Esc to quit)
As you read the scroll labeled KYNLEI XEODACI, it crumbles to dust.
The air around you briefly surges with heat, but it dissipates.
It was a scroll of immolation.
Read which item? (? for menu, Esc to quit)
Okay, then.
Drink which item? (? for menu, Esc to quit)
It was a potion of heal wounds.
You feel much better.
The ettin hits you with a dire flail!! x2
* * * LOW HITPOINT WARNING * * *
The ettin hits you but does no damage. The ettin hits you with a dire flail!!
You die...

......)..........,,,*≈,,,,* *,* *
.....†....§.§§...,,,*≈,,,,***,***
..#######++#######,,*≈,,,,,,,,,,,
..#.............$#,,*≈,******,***
..#..............#,,*≈,* *,*,,
..#..##########..#,,*≈,* *,*,*
.[#..#,,,,,,.$#§§#,,*≈,* *,*,*
..#..#.,,,,,..#§§#,,*≈,******,*,*
))#..#.,*,,*.O#§@#,,*≈,,,,,,,,*,*
).#..#..*,,*x.#CC#,,*≈,********,*
.(#..#..*,,*..#§C#,,*≈,,,,,* *,*
.(#..#.9####..#§§#,,*≈,,,,,* *,*
..#))#.....CC.#..#,,*≈,,,,,* *,,
.(#.)#$.9...CC#..#,,*≈,,,,** *,*
..#..####..####CC#,,*≈,,,,* *,*
..#.........tC..C#,,*≈,,,,*****,*
..#..)......O.C.$#,,*≈,**,,,,**,*


You could see 3 ettins.

Vanquished Creatures
  A frost giant (D:13)
  2 centaur warriors (D:13)
  The ghost of cireshan the Conjurer, a novice DgCj (D:9)
  A harpy (D:13)
  An unseen horror (D:13)
  A hill giant (D:13)
  2 gargoyles (D:13)
  A troll (D:13)
  A two-headed ogre (D:9)
  Prince Ribbit (D:5)
  A basilisk (D:13)
  2 deep elf magi (D:13)
  A wyvern (D:8)
  3 shadows (D:13)
  3 hippogriffs
  Eustachio (D:6)
  The ghost of nublet the Ruffian, an amateur CeTm (D:3)
  A hungry ghost (D:9)
  A mottled dragon (D:13)
  A vampire mosquito (D:13)
  A wasp (D:8)
  7 centaurs
  4 orc warriors
  2 big kobolds
  3 giant frogs
  4 scorpions
  A wyvern zombie (D:13)
  4 wights
  6 crimson imps
  2 centaur zombies
  3 hounds
  4 orc wizards
  A giant frog zombie (D:9)
  3 giant frog skeletons
  6 orc priests
  A jelly (D:5)
  A centaur skeleton (D:9)
  2 iguanas
  6 worker ants
  A hound zombie (D:5)
  A gnoll (D:4)
  A shadow imp (D:9)
  An adder skeleton (D:9)
  2 adder zombies
  A worm (D:5)
  A giant gecko (D:4)
  22 orcs
  2 bats
  3 giant cockroaches (D:6)
  5 goblins
  2 hobgoblins
  9 jackals
  9 kobolds
  2 giant newts
  A rat (D:1)
151 creatures vanquished.

Notes
Turn   | Place    | Note
--------------------------------------------------------------
     0 | D:1      | 4thArraOfDagon the Minotaur Berserker began the quest for the Orb.
     0 | D:1      | Reached XP level 1. HP: 19/19 MP: 0/0
   115 | D:2      | You fall through a shaft!
   120 | D:3      | Noticed nublet's ghost (amateur CeTm)
   137 | D:3      | Killed nublet's ghost
   137 | D:3      | Reached skill level 4 in Fighting
   137 | D:3      | Reached skill level 5 in Axes
   137 | D:3      | Reached XP level 2. HP: 19/28 MP: 1/1
   137 | D:3      | Reached XP level 3. HP: 23/34 MP: 2/2
   137 | D:3      | Reached XP level 4. HP: 27/41 MP: 3/3
   145 | D:2      | Reached XP level 5. HP: 13/47 MP: 4/4
   252 | D:3      | Found a faded altar to an unknown god.
   389 | D:4      | Reached ** piety under Trog
   389 | D:4      | Reached skill level 5 in Fighting
   470 | D:5      | Entered Level 5 of the Dungeon
   470 | D:5      | Found Odghiz's Antique Weapon Shop.
   478 | D:5      | Reached skill level 6 in Axes
   478 | D:5      | Reached XP level 6. HP: 56/56 MP: 5/5
   615 | D:5      | Found a white marble altar of Elyvilon.
   616 | D:5      | Found a shattered altar of Ashenzari.
   624 | D:5      | Reached skill level 7 in Axes
   626 | D:5      | Reached XP level 7. HP: 62/62 MP: 6/6
   640 | D:5      | Got a fine spear
   649 | D:5      | Identified the +5 spear "Neanat" {drain, +Blink} (You found it on level 5 of the Dungeon)
   683 | D:6      | Reached skill level 5 in Armour
   716 | D:6      | Noticed Eustachio
   756 | D:6      | Killed Eustachio
   756 | D:6      | Reached skill level 8 in Axes
   849 | D:5      | Noticed Prince Ribbit
   860 | D:5      | Reached XP level 8. HP: 39/71 MP: 7/7
   864 | D:5      | Killed Prince Ribbit
   864 | D:5      | Reached skill level 9 in Axes
   893 | D:5      | You fall through a shaft for 3 floors!
   893 | D:8      | Found a shimmering altar of Xom.
   893 | D:8      | Found a glowing silver altar of Zin.
   893 | D:8      | Noticed an angel
   960 | D:8      | Paralysed by a wasp for 3 turns
  1059 | D:6      | Found a shadowy altar of Dithmenos.
  1183 | D:8      | Found an iron altar of Okawaru.
  1259 | D:8      | You fall through a shaft!
  1270 | D:9      | Reached skill level 1 in Evocations
  1281 | D:9      | Noticed cireshan's ghost (novice DgCj)
  1375 | D:9      | Killed cireshan's ghost
  1375 | D:9      | Reached XP level 9. HP: 66/79 MP: 7/9
  1427 | D:9      | Reached *** piety under Trog
  1681 | D:10     | Entered Level 10 of the Dungeon
  1720 | D:11     | Noticed an eight-headed hydra
  1723 | D:11     | Noticed a fire drake
  1889 | D:13     | Noticed a centaur warrior
  1904 | D:13     | Killed a centaur warrior
  1904 | D:13     | Reached XP level 10. HP: 47/86 MP: 12/12
  1969 | D:13     | Noticed a frost giant
  1978 | D:13     | Killed a frost giant
  1978 | D:13     | Reached skill level 10 in Maces & Flails
  1978 | D:13     | Reached skill level 5 in Evocations
  2029 | D:13     | Reached skill level 10 in Armour
  2040 | D:13     | Reached skill level 11 in Maces & Flails
  2131 | D:13     | Noticed a centaur warrior
  2140 | D:13     | Killed a centaur warrior
  2144 | D:13     | Reached XP level 11. HP: 92/92 MP: 14/14
  2280 | D:13     | Reached skill level 12 in Maces & Flails
  2281 | D:13     | Noticed a hill giant
  2282 | D:13     | Killed an unseen horror
  2290 | D:13     | Killed a hill giant
  2334 | D:13     | Noticed an ettin
  2335 | D:13     | Noticed an ettin
  2336 | D:13     | Noticed an ettin
  2336 | D:13     | Noticed an ettin
  2337 | D:13     | Noticed a deep elf annihilator
  2340 | D:13     | Noticed an ogre mage
  2352 | D:13     | Noticed a fire crab
  2352 | D:13     | a polar bear changed into a fire crab
  2357 | D:13     | Mangled by an ettin

Vault maps used:
D:1:      minmay_arrival_plants_in_alcoves, hangedman_decor_growths
D:2:      due_unseen_surprise
D:3:      ecumenical_altar_2, minivault_24
D:4:      lemuel_castle_with_subvaults, temple_green, first_bread,
          hangedman_abyss_or_decor_stabs
D:5:      grunt_temple_overflow_open, serial_shops,
          nicolae_shop_competitors_out_of_business, uniq_prince_ribbit1
D:6:      grunt_dithmenos_shadows, portal_sewer_entry_f,
          cheibrodos_ashenzari_chains, uniq_eustachio
D:7:      kiku_gazebo_garden_becter
D:8:      grunt_temple_overflow_order_and_chaos_1, kennysheep_mini_moat,
          serial_shops, shop, hangedman_ranch
D:10:     hiddenorc2_lemuel, serial_shops,
          nicolae_shop_competitors_out_of_business, st_stairs_11, uniq_erica
D:11:     minmay_lair_entry_lava
D:12:     uniq_frances
D:13:     lemuel_traditional_vault, hangedman_vaults_entry_quadrant_bands,
          eino_curves_01, uniq_urug
D:14:     serial_park_tiny_pond, uniq_snorg

Action                   |  1- 3 |  4- 6 |  7- 9 | 10-12 || total
-------------------------+-------+-------+-------+-------++-------
Melee: Hand axe          |    20 |    34 |       |       ||    54
       Flail             |       |    27 |       |       ||    27
       Mace              |       |    13 |       |       ||    13
       War axe           |       |     8 |   202 |       ||   210
       Battleaxe         |       |       |    13 |    86 ||    99
Invok: Berserk           |       |     2 |     7 |     7 ||    16
       Trog's Hand       |       |     1 |     7 |    14 ||    22
 Abil: Evoke Berserk Rag |     1 |       |       |       ||     1
Evoke: Wand              |       |       |       |     2 ||     2
       Stone of tremors  |       |       |       |     1 ||     1
  Use: Potion            |       |     1 |       |     1 ||     2
       Scroll            |       |       |     1 |    10 ||    11
  Eat: Chunk             |       |     1 |    16 |    10 ||    27
       Fruit             |       |       |     2 |       ||     2
